 Dungeon Crawl Stone Soup version 0.29-a0-330-g52719c12eb (webtiles) character file.

Game seed: 1482751224552664841

59 Anon1729 the Chopper (level 3, -2/33 HPs)
             Began as a Minotaur Monk on Apr 30, 2022.
             Slain by a goblin
             ... wielding the +8 whip "Ennirgh" {flame, Fragile rC+ Str+2}
              (5 damage)
             ... on level 2 of the Dungeon.
             The game lasted 00:01:21 (1296 turns).

Anon1729 the Chopper (Minotaur Monk)                Turns: 1296, Time: 00:01:22

Health: -2/33      AC:  5    Str: 17    XL:     3   Next: 78%
Magic:  2/2        EV: 11    Int:  7    God:
Gold:   63         SH:  0    Dex: 12    Spells: 2/2 levels left

rFire   . . .      SeeInvis .   a - +0 hand axe
rCold   . . .      Faith    .   (no shield)
rNeg    . . .      Spirit   .   h - +0 ring mail
rPois   .          Reflect  .   (helmet restricted)
rElec   .          Harm     .   (no cloak)
rCorr   .          Rampage  .   (no gloves)
Will    .....                   (no boots)
Stlth   +.........              (no amulet)
HPRegen 0.11/turn               (no ring)
MPRegen 0.08/turn               (no ring)

@: no status effects
A: horns 2, retaliatory headbutt
a: no special abilities


You were on level 2 of the Dungeon.
You visited 1 branch of the dungeon, and saw 2 of its levels.

You collected 63 gold pieces.

Inventory:

Hand Weapons
 a - a +0 hand axe (weapon)
Armour
 b - a +0 robe
 h - a +0 ring mail (worn)
Scrolls
 c - a scroll of amnesia {unknown}
 d - a scroll of holy word {unknown}
 f - a scroll of teleportation {unknown}
 g - a scroll of acquirement {unknown}
 i - 2 scrolls of identify {unknown}
 j - a scroll of torment {unknown}
Potions
 e - a potion of heal wounds {unknown}


   Skills:
 + Level 4.1 Fighting
 * Level 4.5 Axes
 * Level 1.9 Armour
 + Level 3.7 Dodging
 - Level 1.5 Stealth


You had 2 spell levels left.
You didn't know any spells.
Your spell library contained the following spells:

 Spells                   Type           Power      Damage    Failure   Level
 Gell's Gravitas          Tloc           0%         N/A       94%         3
 Teleport Other           Tloc           0%         N/A       94%         3
 Dispersal                Tloc           0%         N/A       100%        6


Dungeon Overview and Level Annotations

Branches:
Dungeon (2/15)

Altars:


Innate Abilities, Weirdness & Mutations

You have a pair of horns on your head.
You reflexively headbutt those who attack you in melee.


Message History

The endoplasm quivers.
An endoplasm is nearby!
An endoplasm is nearby!
An endoplasm is nearby!
A hobgoblin and a kobold come into view.
The hobgoblin shouts!
The kobold shouts!
The endoplasm freezes you.
You are frozen.
You slash the endoplasm!
You kill the endoplasm!
A goblin comes into view.
It is wielding the +8 whip "Ennirgh" {flame, Fragile rC+ Str+2}.
A quokka comes into view.
The goblin shouts!
The goblin unwields the +8 whip "Ennirgh" {flame, Fragile rC+ Str+2}.
It stops flaming.
The goblin wields a +0 hunting sling.
The goblin shoots a sling bullet.
The sling bullet hits you.
The goblin unwields a +0 hunting sling.
The goblin wields the +8 whip "Ennirgh" {flame, Fragile rC+ Str+2}.
It bursts into flame!
The goblin hits you with the +8 whip "Ennirgh" {flame, Fragile rC+ Str+2}!
The goblin burns you.
You are too injured to fight recklessly!
You are too injured to fight recklessly!
You are too injured to fight recklessly!
You are too injured to fight recklessly!
There are monsters nearby!
There are monsters nearby!
You closely miss the goblin. Your headbutt misses the goblin.
The goblin hits you with the +8 whip "Ennirgh" {flame, Fragile rC+ Str+2}.
* * * LOW HITPOINT WARNING * * *
The goblin burns you.
* * * LOW HITPOINT WARNING * * *
A ball python comes into view.
Unknown command.
Unknown command.
You aren't carrying any items that you can evoke.
Unknown command.
You closely miss the goblin.
The goblin hits you with the +8 whip "Ennirgh" {flame, Fragile rC+ Str+2}.
You die...

#.# #..#.#.##.#
#.# #.....###.#
#.# #..#.####.#
#.# #..#...##.#
#.# #..###.##.# #
#..# #.##.#.###
#..###.##.#...##
##......##......##
......g@..K.r.....
#######.###.....##
#.. ..gS.# #...
.......
#########... ##


You could see a quokka, a goblin, a ball python (wandering) and a kobold.

Vanquished Creatures
  Robin (D:2)
  4 ball pythons (D:1)
  5 endoplasms
  A giant cockroach (D:1)
  9 goblins (D:2)
  4 hobgoblins
  6 jackals (D:1)
  A kobold (D:1)
  A quokka (D:1)
  7 bats
  A frilled lizard (D:1)
  A rat (D:1)
41 creatures vanquished.

Notes
Turn   | Place    | Note
-------+----------+-------------------------------------------
     0 | D:1      | Anon1729 the Minotaur Monk began the quest for the Orb.
     0 | D:1      | Reached XP level 1. HP: 19/19 MP: 0/0
   493 | D:1      | Reached XP level 2. HP: 25/27 MP: 1/1
   588 | D:1      | Reached skill level 1 in Armour
   779 | D:1      | Reached XP level 3. HP: 27/33 MP: 2/2
  1044 | D:2      | Noticed Robin
  1057 | D:2      | Killed Robin
  1291 | D:2      | Identified the +8 whip "Ennirgh" {flame, Fragile rC+ Str+2}
  1296 | D:2      | Slain by a goblin

Illustrated notes

Levels and vault maps discovered:
D:1:      dpeg_arrival_pits, layout_rooms, roderic_lattice_a, glass_columns_a,
          chequers_mini_garden
D:2:      layout_loops_ring, shapermc_ecumenical_altar_totnotflames, uniq_robin

Skill      XL: |  1  2  3 |
---------------+----------+-----
Axes           | 4 |  4.5
Armour         | 1 |  1.9
Fighting       | 4 |  4.1
Dodging        | |  3.7
Stealth        | |  1.5

Action                   || total
-------------------------++-------
Melee: Hand axe          ||    82
       Headbutt          ||    10
  Use: Potion            ||     2
Armor: Robe              ||     6
       Ring mail         ||    35
Dodge: Dodged            ||    51

Table legend: (Time is in decaauts)
 A = Elapsed time spent in this place.
 B = Non-inter-level travel time spent in this place.
 C = Inter-level travel time spent in this place.
 D = Time resting spent in this place.
 E = Time spent auto-exploring this place.
 F = Levels seen in this place.
 G = Mean time per level.
                   A        B        C        D        E       F      G
               +--------+--------+--------+--------+--------+-----+--------+
         Total |   1303 |   1285 |     18 |    240 |    813 |   2 |  651.5 |
       Dungeon |   1303 |   1285 |     18 |    240 |    813 |   2 |  651.5 |
               +--------+--------+--------+--------+--------+-----+--------+

Top non-repeatable levels by time:
     D:1: 1012 daAuts
     D:2: 290 daAuts
